 Dungeon Crawl Stone Soup version 0.19.5 (webtiles) character file.

33 McKennaii the Skirmisher (level 3, 0/29 HPs)
             Began as a Demonspawn Abyssal Knight on Apr 25, 2017.
             Was a Follower of Lugonu.
             Slain by an orc
             ... wielding a +0 mace
              (6 damage)
             ... on level 3 of the Dungeon.
             The game lasted 00:02:24 (1048 turns).

McKennaii the Skirmisher (DsAK)                     Turns: 1048, Time: 00:02:24

Health: 0/29       AC:  4    Str: 12    XL:     3   Next: 12%
Magic:  4/4        EV: 11    Int: 13    God:    Lugonu [*.....]
Gold:   89         SH:  0    Dex: 13    Spells: 0 memorised, 2 levels left

rFire  . . .     SeeInvis .     a - +1 falchion
rCold  . . .     Gourm    .     b - +0 leather armour
rNeg   . . .     Faith    .     (no shield)
rPois  .         Spirit   .     (helmet restricted)
rElec  .         Reflect  .     (no cloak)
rCorr  .         Harm     .     f - +0 pair of gloves
MR     .....                    (no boots)
Stlth  +.........               (no amulet)
                                (no ring)
                                (no ring)

@: no status effects
A: antennae 1, hooves 1
a: Depart the Abyss, Renounce Religion


You were on level 3 of the Dungeon.
You worshipped Lugonu.
Lugonu was aware of your devotion.
You were hungry.

You visited 1 branch of the dungeon, and saw 3 of its levels.
You visited the Abyss 1 time.

You collected 89 gold pieces.

Inventory:

Hand Weapons
 a - a +1 falchion (weapon)
Armour
 b - a +0 leather armour (worn)
 f - a +0 pair of gloves (worn)
Scrolls
 g - a scroll of remove curse {unknown}
 j - 2 scrolls of teleportation {unknown}
 k - a scroll of recharging {unknown}
 l - a scroll of fog {unknown}
 m - 3 scrolls of fear {unknown}
Potions
 d - 3 potions of lignification {unknown}
 e - a potion of agility {unknown}
 i - 2 potions of ambrosia {unknown}
Comestibles
 c - a bread ration
 h - a slice of pizza
 n - a royal jelly
 o - a meat ration
 p - 3 chunks of flesh


   Skills:
 + Level 3.6 Fighting
 + Level 2.0 Long Blades
 + Level 2.1 Armour
 + Level 1.1 Dodging
 + Level 2.5 Invocations


You had 2 spell levels left.
You didn't know any spells.

Dungeon Overview and Level Annotations

Branches:
Dungeon (3/15)

Altars:


Innate Abilities, Weirdness & Mutations

You have a pair of small antennae on your head.
You have large cloven feet.


Message History

Things that are here:
a dagger; a goblin corpse You barely miss the orc.
The orc hits you with a mace.
A hobgoblin comes into view.
You closely miss the orc.
The hobgoblin shouts!
You kick the orc, but do no damage. The orc hits you but does no damage.
You completely miss the orc. You kick the orc, but do no damage.
The orc closely misses you.
You hit the orc.
The orc is heavily wounded.
The orc misses you.
You barely miss the orc. You kick the orc, but do no damage.
The orc is heavily wounded.
The orc hits you with a mace!
* * * LOW HITPOINT WARNING * * *
You hit the orc.
The orc is heavily wounded.
The orc hits you with a mace.
You die...

......# .......
.%.....## ........# .
........# #########..
........# #.....=..#
.......o# #........#
.....#@###.<†.....#
#....g..=.?........#
..........>........#
##.................#
..<..................
......>..............
.....................
...l..........?......
..................


You could see an orc, a hobgoblin and a frilled lizard (wandering).

Vanquished Creatures
  A worm (D:2)
  3 leopard geckos
  2 giant cockroaches
  4 goblins
  A hobgoblin (D:1)
  4 bats
  A frilled lizard (D:3)
  6 kobolds
  4 rats
26 creatures vanquished.

Notes
Turn   | Place    | Note
-------+----------+-------------------------------------------
     0 | Abyss:1  | McKennaii the Demonspawn Abyssal Knight began the quest for the Orb.
     0 | Abyss:1  | Reached XP level 1. HP: 18/18 MP: 2/2
    22 | Abyss:1  | Found a corrupted altar of Lugonu.
    86 | Abyss:4  | Noticed a starcursed mass
   111 | Abyss:4  | Noticed a small abomination
   130 | D:1      | Escaped the Abyss
   183 | D:1      | Reached * piety under Lugonu
   183 | D:1      | Reached skill level 1 in Dodging
   237 | D:1      | Gained mutation: You have large cloven feet. [demonic ancestry]
   237 | D:1      | Reached XP level 2. HP: 12/24 MP: 3/3
  1027 | D:3      | Gained mutation: You have a pair of small antennae on your head. [demonic ancestry]
  1027 | D:3      | Reached XP level 3. HP: 21/29 MP: 4/4
  1048 | D:3      | Slain by an orc

Skill      XL: |  1  2 |
---------------+-------+-----
Dodging        | 1 |  1.1
Long Blades    | 2 |  2.0
Armour         | 2 |  2.1
Fighting       | |  3.6
Invocations    | |  2.5

Action                   || total
-------------------------++-------
Melee: Falchion          ||    75
       Kick              ||    11
Invok: Depart the Abyss  ||     1
Armor: Leather armour    ||    30
Dodge: Dodged            ||    49
       Rpst.: Falchion   ||    20
